Map: Molten Temple

Players

Loken - Winner!

  • Race: Zerg Zerg
  • League: Platinum
  • Spawn Location: 3:00

Myran - Winner!

  • Race: Protoss Protoss
  • Spawn Location: 3:00

dallaskuken - Winner!

  • Race: Protoss Protoss
  • League: Platinum
  • Spawn Location: 3:00

Kadzija

  • Race: Terran Terran
  • Spawn Location: 9:00

Jocawar

  • Race: Protoss Protoss
  • Spawn Location: 9:00

Johnny

  • Race: Protoss Protoss
  • League: Platinum
  • Spawn Location: 9:00

VOD

Have the link to the VOD?

Description

Time

  • Played on: April 5, 2017, 3:37 p.m.
  • Length: 23:18
Show
View Real Time Build Order
Export as new Build Order

Loken Zerg - Winner!

Build Orders: Pool First 

Get SALT Encoding   

  12  0:02  Drone  
  13  0:12  Drone  
  14  0:20  Overlord  
  14  0:39  Drone x3  
  17  0:48  Extractor  
  16  0:52  Spawning Pool  
  16  0:53  Drone  
  16  1:02  Drone  
  17  1:14  Drone  
  18  1:31  Overlord  
  18  1:51  Queen  
  21  1:54  Zergling x4  
  22  2:13  Hatchery  
  21  2:28  Lair  
  21  2:30  Drone  
  21  2:31  Drone x2  
  24  2:50  Extractor  
  23  3:01  Drone x4  
  23  3:02  Drone  
  30  3:34  Zergling x2  
  30  3:35  Zergling x10  
  33  4:19  Spire  
  33  4:21  Overlord x2  
  32  4:41  Hatchery  
  31  4:54  Hatchery  
  30  5:26  Infestation Pit  
  30  5:27  Queen  
  31  5:28  Hatchery  
  30  5:40  Mutalisk x6  
  42  5:43  Mutalisk  
  44  5:50  Drone  
  44  5:51  Drone  
  46  6:00  Queen  
  46  6:02  Drone  
  49  6:07  Drone x2  
  49  6:08  Drone  
  52  6:24  Zerg Flyer Weapons Level 1  
  52  6:26  Drone x3  
  55  7:12  Drone  
  55  7:13  Drone x8  
  64  7:16  Extractor  
  64  7:18  Extractor  
  64  7:20  Queen  
  64  7:32  Overlord x2  
  64  7:33  Overlord x4  
  64  8:01  Extractor  
  64  8:02  Drone x6  
  64  8:03  Drone x7  
  64  8:04  Extractor  
  75  8:34  Drone  
  75  8:35  Drone x13  
  87  9:11  Mutalisk  
  87  9:12  Mutalisk x10  
  76  10:24  Mutalisk  
  76  10:25  Mutalisk x11  
  94  10:39  Evolution Chamber  
  94  10:41  Evolution Chamber  
  85  11:09  Pneumatized Carapace  
  85  11:26  Overseer  
  85  11:30  Overseer x2  
  85  11:32  Zergling x8  
  89  11:33  Zergling x34  
  89  11:34  Metabolic Boost  
  106  11:40  Overlord x5  
  106  11:53  Queen  
  64  12:25  Mutalisk  
  64  12:26  Mutalisk x11  
  83  12:34  Queen  
  83  12:35  Hatchery  
  84  12:38  Hatchery  
  83  12:54  Zergling x16  
  83  12:55  Zergling x12  
  97  13:02  Zerg Flyer Armor Level 1  
  97  13:21  Spawning Pool  
  96  13:45  Zerg Melee Weapons Level 1  
  96  13:46  Zerg Ground Armor Level 1  
  84  14:08  Zergling x30  
  84  14:09  Zergling x14  
  106  14:15  Hive  
  106  14:25  Zergling x2  
  106  14:26  Zergling x18  
  106  14:27  Zergling x12  
  122  14:41  Mutalisk x8  
  122  14:42  Mutalisk  
  92  15:18  Zergling x2  
  92  15:19  Zergling x42  
  77  15:42  Zergling x2  
  77  15:43  Zergling x14  
  84  15:51  Lair  
  84  15:52  Spawning Pool  
  49  17:09  Zergling x20  
  49  17:10  Zergling x2  
  50  17:23  Hatchery  
  5  18:26  Hatchery  
  1  19:09  Drone x3  
  4  19:38  Hatchery  
  3  19:58  Drone x2  
  4  20:09  Hatchery  
  1  20:34  Hatchery  
    20:50  Drone  
  1  21:04  Drone  
  2  21:24  Drone x2  
  4  21:26  Spawning Pool  
  3  21:50  Drone x2  
  5  21:54  Drone  
  6  22:13  Lair  
  6  22:23  Drone x2  
  8  22:31  Drone  
  8  22:32  Drone x2  
  11  22:39  Drone x3  
Show
View Real Time Build Order
Export as new Build Order

Myran Protoss - Winner!

Build Orders:  

Get SALT Encoding   

  12  0:01  Probe (Chrono Boost)  
  13  0:15  Pylon  
  13  0:19  Probe (Chrono Boost)  
  14  0:35  Forge  
  14  0:36  Probe (Chrono Boost)  
  15  1:14  Probe (Chrono Boost)  
  16  1:19  Gateway  
  16  1:24  Probe (Chrono Boost)  
  17  1:34  Photon Cannon  
  17  1:52  Probe (Chrono Boost)  
  17  2:03  Probe (Chrono Boost)  
  18  2:11  Zealot  
  18  2:14  Cybernetics Core  
  20  2:17  Assimilator  
  20  2:18  Probe (Chrono Boost)  
  20  2:20  Assimilator  
  21  2:34  Probe (Chrono Boost)  
  22  2:45  Probe (Chrono Boost), Nexus  
  22  2:51  Pylon  
  23  3:06  Pylon  
  23  3:09  Probe (Chrono Boost)  
  24  3:19  Probe (Chrono Boost)  
  25  3:35  Stalker  
  27  3:47  Probe (Chrono Boost)  
  28  3:57  Stargate  
  28  4:02  Assimilator, Probe (Chrono Boost)  
  29  4:03  Probe (Chrono Boost)  
  29  4:06  Assimilator  
  29  4:09  Stalker  
  32  4:12  Probe (Chrono Boost)  
  32  4:14  Warp Gate, Probe (Chrono Boost)  
  34  4:17  Gateway  
  34  4:20  Pylon  
  34  4:23  Probe (Chrono Boost)  
  35  4:24  Probe (Chrono Boost)  
  36  4:33  Probe (Chrono Boost)  
  37  4:43  Stalker  
  37  4:44  Probe (Chrono Boost)  
  40  4:46  Void Ray  
  44  4:54  Probe (Chrono Boost)  
  45  5:03  Probe (Chrono Boost)  
  45  5:05  Probe (Chrono Boost)  
  47  5:10  Zealot  
  50  5:14  Probe (Chrono Boost)  
  50  5:17  Probe (Chrono Boost)  
  51  5:27  Stargate, Void Ray  
  51  5:29  Pylon  
  51  5:31  Probe (Chrono Boost)  
  51  5:35  Probe (Chrono Boost)  
  57  5:37  Zealot  
  57  5:39  Zealot  
  62  5:43  Probe (Chrono Boost)  
  62  5:45  Twilight Council  
  62  5:48  Probe (Chrono Boost)  
  63  5:54  Pylon  
  63  5:58  Pylon  
  63  6:04  Void Ray  
  63  6:06  Probe (Chrono Boost)  
  70  6:13  Protoss Shields Level 1  
  70  6:16  Protoss Air Weapons Level 1  
  69  6:19  Probe (Chrono Boost)  
  69  6:20  Stalker  
  69  6:22  Zealot  
  73  6:29  Charge  
  73  6:36  Void Ray  
  73  6:45  Void Ray  
  81  7:13  Zealot  
  81  7:14  Zealot  
  85  7:29  Pylon  
  85  7:31  Pylon  
  85  7:32  Pylon  
  85  7:41  Void Ray x2  
  93  8:18  Void Ray x2  
  97  8:53  Probe (Chrono Boost)  
  97  8:55  Void Ray x2, Protoss Air Armor Level 1, Probe (Chrono Boost)  
  107  9:05  Probe (Chrono Boost), Blink, Fleet Beacon  
  107  9:07  Zealot  
  110  9:41  Void Ray  
  110  9:42  Void Ray  
  90  11:03  Carrier  
  90  11:04  Carrier  
  62  11:11  Stalker  
  62  11:12  Stalker  
  78  11:18  Graviton Catapult  
  78  11:20  Protoss Air Weapons Level 2  
  76  11:51  Protoss Shields Level 2  
  76  11:58  Stalker x2  
  80  12:18  Carrier  
  80  12:22  Stalker x2  
  84  12:27  Carrier  
  96  13:14  Zealot x2  
  100  13:36  Protoss Air Armor Level 2  
  100  13:37  Carrier  
  106  14:00  Pylon  
  106  14:03  Pylon  
  106  14:05  Pylon  
  106  14:09  Pylon, Zealot  
  108  14:10  Zealot  
  108  14:16  Gateway  
  110  14:17  Gateway  
  110  14:18  Protoss Ground Weapons Level 1  
  89  15:03  Phoenix  
  83  15:28  Phoenix  
  67  15:32  Zealot x2  
  50  17:13  Nexus  
  50  17:52  Nexus  
  48  19:05  Nexus  
  48  19:18  Pylon  
  48  19:19  Pylon  
  48  19:21  Pylon  
  48  19:24  Pylon  
  44  19:27  Pylon  
  32  19:36  Probe (Chrono Boost)  
  26  19:47  Probe (Chrono Boost)  
  26  19:57  Probe (Chrono Boost)  
  26  20:00  Probe (Chrono Boost)  
  27  20:08  Probe (Chrono Boost)  
  27  20:11  Probe (Chrono Boost)  
  25  20:22  Probe (Chrono Boost)  
  20  23:01  Probe (Chrono Boost)  
Show
View Real Time Build Order
Export as new Build Order

dallaskuken Protoss - Winner!

Build Orders: Oracle Opening 

Get SALT Encoding   

  12  0:01  Probe (Chrono Boost)  
  13  0:11  Probe (Chrono Boost)  
  14  0:22  Pylon  
  14  0:24  Probe (Chrono Boost)  
  15  0:40  Probe (Chrono Boost)  
  15  0:42  Gateway  
  16  0:51  Probe (Chrono Boost)  
  17  0:57  Assimilator  
  17  0:59  Assimilator  
  17  1:02  Probe (Chrono Boost)  
  18  1:15  Probe (Chrono Boost)  
  19  1:26  Probe (Chrono Boost)  
  20  1:53  Probe (Chrono Boost)  
  21  1:55  Zealot  
  21  2:00  Cybernetics Core  
  23  2:27  Probe (Chrono Boost)  
  22  2:37  Pylon  
  22  2:38  Probe (Chrono Boost)  
  23  2:52  Stargate  
  23  2:55  Warp Gate, Probe (Chrono Boost)  
  24  3:06  Probe (Chrono Boost)  
  24  3:10  Pylon  
  25  3:16  Probe (Chrono Boost)  
  26  3:27  Probe (Chrono Boost)  
  27  3:42  Oracle  
  30  3:55  Probe (Chrono Boost)  
  31  4:01  Pylon  
  31  4:08  Gateway  
  31  4:10  Gateway, Nexus  
  31  4:26  Probe (Chrono Boost)  
  32  4:36  Probe (Chrono Boost)  
  33  4:58  Void Ray  
  37  5:19  Stalker x3, Stargate  
  43  5:26  Probe (Chrono Boost)  
  44  5:32  Pylon  
  44  5:33  Pylon  
  44  5:37  Probe (Chrono Boost)  
  45  5:47  Probe (Chrono Boost)  
  46  5:58  Probe (Chrono Boost)  
  46  6:03  Probe (Chrono Boost)  
  48  6:05  Void Ray  
  48  6:08  Probe (Chrono Boost)  
  48  6:09  Void Ray  
  57  6:13  Probe (Chrono Boost)  
  58  6:19  Pylon, Probe (Chrono Boost)  
  59  6:46  Probe (Chrono Boost)  
  60  6:48  Fleet Beacon  
  60  6:50  Assimilator  
  60  6:53  Assimilator  
  60  6:57  Probe (Chrono Boost)  
  61  7:07  Probe (Chrono Boost)  
  62  7:18  Probe (Chrono Boost)  
  63  7:35  Carrier  
  63  7:36  Carrier  
  72  7:40  Mothership Core (Chrono Boost)  
  74  8:07  Protoss Air Weapons Level 1  
  80  8:34  Probe (Chrono Boost)  
  81  8:44  Pylon  
  81  8:45  Probe (Chrono Boost)  
  81  8:46  Pylon  
  81  8:47  Pylon  
  82  8:49  Pylon  
  82  8:51  Pylon  
  82  8:52  Pylon  
  82  8:56  Probe (Chrono Boost)  
  82  8:59  Carrier  
  82  9:00  Carrier  
  83  9:07  Probe (Chrono Boost)  
  96  9:19  Probe (Chrono Boost)  
  97  9:42  Stalker x3  
  63  10:20  Stalker x3  
  61  10:56  Carrier  
  61  10:57  Carrier  
  61  11:01  Robotics Facility  
  73  11:13  Protoss Air Weapons Level 2  
  73  11:16  Stalker x3  
  77  11:48  Mothership Core (Chrono Boost)  
  77  11:53  Observer  
  78  12:11  Carrier  
  78  12:14  Warp Prism  
  92  12:35  Tempest  
  92  12:43  Zealot  
  92  12:44  Zealot x2  
  104  13:06  Carrier  
  110  13:30  Zealot x3  
  110  13:31  Carrier  
  114  14:21  Carrier  
  120  14:45  Carrier  
Show
View Real Time Build Order
Export as new Build Order

Kadzija Terran 

Build Orders: Bio Mine 

Get SALT Encoding   

  12  0:01  SCV  
  13  0:13  SCV  
  14  0:26  SCV, Supply Depot  
  15  0:48  SCV  
  16  0:52  Refinery  
  16  0:53  Barracks  
  16  1:00  SCV  
  17  1:12  SCV  
  18  1:31  SCV  
  19  1:43  Barracks  
  19  1:47  Supply Depot  
  19  1:48  SCV  
  20  2:05  Command Center  
  20  2:10  SCV  
  21  2:30  Orbital Command  
  21  2:42  Barracks Tech Lab  
  21  2:44  Barracks Reactor  
  21  3:08  SCV  
  21  3:09  Factory  
  22  3:23  Marauder, Marine x2  
  22  3:25  SCV  
  22  3:26  SCV  
  27  3:38  Orbital Command  
  27  3:47  Factory, Refinery  
  27  3:50  SCV  
  27  3:52  Engineering Bay  
  27  3:55  Stimpack  
  28  4:01  Marauder, Marine x2  
  28  4:02  SCV  
  33  4:06  SCV  
  34  4:14  SCV  
  35  4:22  Marauder, Marine  
  35  4:23  Marine  
  39  4:30  SCV  
  39  4:31  SCV  
  41  4:32  Missile Turret  
  41  4:33  Factory Tech Lab  
  41  4:35  Terran Infantry Weapons Level 1  
  41  4:41  Missile Turret  
  41  4:43  Marine x2  
  41  4:44  Marauder  
  45  4:48  Missile Turret  
  45  4:54  SCV  
  45  4:56  Missile Turret  
  46  5:01  Supply Depot  
  46  5:09  Supply Depot  
  46  5:23  SCV x2, Marine x3, Siege Tank  
  46  5:27  Refinery  
  54  5:35  SCV  
  55  5:38  Barracks  
  55  5:40  Starport  
  55  5:42  Barracks  
  55  5:43  Armory  
  55  5:44  SCV  
  55  5:47  SCV  
  57  5:57  Widow Mine, SCV  
  58  5:59  SCV  
  58  6:00  Combat Shields  
  61  6:12  SCV  
  62  6:22  Refinery  
  62  6:27  SCV  
  62  6:29  Terran Infantry Armor Level 1, Supply Depot  
  63  6:35  Barracks Reactor  
  63  6:36  Starport Reactor  
  63  6:38  Barracks Reactor  
  63  6:43  Widow Mine  
  63  6:44  Missile Turret  
  65  6:51  Missile Turret  
  65  6:56  Drilling Claws  
  65  6:57  Marine x3  
  65  7:01  Supply Depot  
  68  7:02  Supply Depot  
  68  7:11  SCV x2  
  68  7:15  Marine x2  
  71  7:19  Concussive Shells  
  72  7:26  Marine x2  
  72  7:27  Widow Mine  
  72  7:29  Medivac x2  
  80  7:30  Marine x3  
  80  7:33  Marine  
  84  7:40  Terran Vehicle And Ship Armor Level 1, Marine, Supply Depot  
  85  7:44  Marine x2  
  87  7:56  Widow Mine  
  89  8:08  Marine  
  89  8:09  Marine x6  
  89  8:11  Medivac x2  
  100  8:13  SCV x2  
  102  8:32  Widow Mine, Marine x2  
  102  8:33  Command Center  
  106  8:41  Medivac x2  
  110  8:49  Marine x4  
  110  8:53  Terran Infantry Weapons Level 2  
  114  9:00  Widow Mine  
  116  9:07  Supply Depot  
  116  9:21  Marine x2  
  116  9:22  Marine x5  
  123  9:39  Marine x2  
  105  10:08  Marine x2  
  105  10:09  Marine x5  
  87  10:26  Marine x4  
  87  10:27  Marine x3  
  94  10:30  Widow Mine  
  94  10:31  Medivac  
  94  10:32  Medivac  
  99  10:44  Marine x6  
  99  10:45  Marine  
  99  10:54  Missile Turret  
  87  10:58  Widow Mine, Missile Turret  
  87  10:59  Missile Turret  
  82  11:09  Marine x7, Hi-Sec Auto Tracking  
  89  11:27  Widow Mine, Marine x7  
  96  11:44  Marine x2  
  96  11:45  SCV, Marine x5  
  86  12:02  Marine x2  
  80  12:19  Marine  
  80  12:20  Unknown, Marine x6  
  86  12:25  Unknown  
  86  12:26  Unknown  
  85  12:37  Marine x3  
  85  12:38  Marine  
  89  12:47  SCV x3  
  89  12:49  Factory Reactor  
  92  12:54  Medivac x2  
  96  12:59  SCV x3  
  99  13:24  Medivac x2  
  99  13:25  Marine  
  99  13:26  Marine x6  
  110  13:33  Widow Mine x2  
  114  13:43  Marine  
  114  13:45  Marine x6  
  119  14:01  Marine  
  115  14:03  Marine  
  115  14:04  Widow Mine x2, Medivac x2  
  115  14:06  Marine x2  
  115  14:07  Marine x3  
  115  14:09  Orbital Command  
  129  14:11  Refinery  
  129  14:13  Refinery  
  129  14:14  Missile Turret  
  129  14:16  Missile Turret x2  
  129  14:19  Marine  
  129  14:20  Marine  
  131  14:24  Marine  
  132  14:35  Marine  
  133  14:41  Armory  
  133  14:47  Command Center  
  133  14:56  Widow Mine x2, Marine x4, Medivac x2  
  121  15:16  Marine x3  
  121  15:17  Marine x4  
  128  15:25  Widow Mine x2  
  132  15:34  Marine x5  
  132  15:35  Marine x2  
  139  15:52  Marine x7  
  139  15:53  Widow Mine  
  139  15:54  Widow Mine  
  145  16:10  Orbital Command, Marine x7  
  152  16:22  Widow Mine  
  152  16:23  Widow Mine  
  151  16:33  Marine x2  
  151  16:34  Marine x3  
  130  16:50  Widow Mine  
  130  16:51  Widow Mine, Marine x3  
  135  17:01  Missile Turret x2  
  134  17:36  Marine  
  133  17:39  Marine x2  
  115  18:26  Orbital Command  
Show
View Real Time Build Order
Export as new Build Order

Jocawar Protoss 

Build Orders: Cannon Rush 

Get SALT Encoding   

  12  0:02  Probe (Chrono Boost)  
  13  0:13  Probe (Chrono Boost)  
  14  0:21  Pylon  
  14  0:26  Probe (Chrono Boost)  
  15  0:39  Forge, Probe (Chrono Boost)  
  17  0:50  Probe (Chrono Boost)  
  17  1:00  Probe (Chrono Boost)  
  18  1:23  Pylon  
  18  1:41  Pylon  
  18  1:44  Photon Cannon  
  18  1:46  Photon Cannon  
  17  1:54  Photon Cannon  
  17  1:57  Photon Cannon  
  17  1:58  Photon Cannon  
  17  1:59  Photon Cannon  
  17  2:05  Pylon  
  17  2:11  Probe (Chrono Boost)  
  17  2:28  Probe (Chrono Boost)  
  18  2:40  Pylon  
  18  2:42  Nexus  
  18  2:48  Assimilator  
  18  2:59  Photon Cannon  
  18  3:03  Photon Cannon  
  18  3:07  Pylon  
  18  3:10  Photon Cannon  
  18  3:17  Probe (Chrono Boost)  
  19  3:27  Photon Cannon, Probe (Chrono Boost)  
  20  3:40  Photon Cannon  
  20  3:48  Gateway  
  20  3:52  Assimilator  
  20  4:02  Probe (Chrono Boost)  
  21  4:05  Probe (Chrono Boost)  
  22  4:12  Probe (Chrono Boost)  
  22  4:16  Probe (Chrono Boost)  
  24  4:23  Probe (Chrono Boost)  
  25  4:25  Pylon  
  25  4:26  Probe (Chrono Boost)  
  26  4:33  Probe (Chrono Boost)  
  24  4:44  Probe (Chrono Boost)  
  22  4:50  Photon Cannon  
  22  5:09  Photon Cannon  
  22  5:18  Pylon  
  22  5:25  Probe (Chrono Boost)  
  23  5:30  Probe (Chrono Boost)  
  25  5:35  Cybernetics Core, Probe (Chrono Boost)  
  25  5:40  Probe (Chrono Boost)  
  25  5:42  Assimilator  
  26  5:46  Assimilator, Probe (Chrono Boost)  
  26  5:51  Probe (Chrono Boost)  
  26  5:56  Probe (Chrono Boost)  
  25  6:01  Pylon  
  25  6:07  Probe (Chrono Boost)  
  26  6:15  Photon Cannon  
  26  6:17  Probe (Chrono Boost)  
  27  6:23  Photon Cannon  
  27  6:28  Probe x2 (Chrono Boost)  
  29  6:38  Probe (Chrono Boost)  
  29  6:39  Probe (Chrono Boost)  
  31  6:40  Photon Cannon  
  29  6:57  Photon Cannon  
  28  7:01  Pylon  
  28  7:16  Photon Cannon  
  28  7:19  Photon Cannon  
  28  7:26  Stargate  
  28  7:29  Photon Cannon  
  28  7:31  Probe (Chrono Boost)  
  28  7:33  Probe (Chrono Boost)  
  30  7:41  Probe (Chrono Boost)  
  31  7:52  Probe (Chrono Boost)  
  31  7:57  Probe (Chrono Boost)  
  33  8:05  Photon Cannon  
  33  8:06  Void Ray  
  33  8:08  Probe (Chrono Boost)  
  33  8:09  Photon Cannon  
  33  8:12  Photon Cannon  
  38  8:18  Probe (Chrono Boost)  
  39  8:22  Probe (Chrono Boost)  
  39  8:26  Pylon  
  38  8:34  Probe (Chrono Boost)  
  38  8:44  Void Ray  
  38  8:46  Probe (Chrono Boost)  
  39  8:48  Stargate  
  43  8:58  Protoss Air Weapons Level 1  
  43  9:13  Protoss Shields Level 1  
  43  9:18  Probe (Chrono Boost)  
  43  9:20  Nexus  
  43  9:21  Photon Cannon, Void Ray  
  44  9:26  Void Ray  
  44  9:27  Pylon  
  44  9:29  Probe (Chrono Boost)  
  53  9:41  Probe (Chrono Boost)  
  54  10:02  Void Ray  
  58  10:21  Void Ray  
  62  10:34  Pylon  
  62  10:36  Pylon  
  62  10:38  Photon Cannon  
  62  10:39  Void Ray  
  62  10:41  Photon Cannon  
  62  10:42  Photon Cannon  
  66  10:58  Void Ray  
  58  11:15  Stargate  
  58  11:17  Void Ray  
  58  11:23  Nexus  
  62  11:26  Pylon  
  62  11:35  Void Ray  
  62  11:43  Pylon  
  62  11:46  Photon Cannon  
  66  11:49  Photon Cannon  
  66  11:54  Void Ray  
  66  11:59  Protoss Air Armor Level 1  
  70  12:06  Photon Cannon  
  70  12:10  Assimilator  
  70  12:12  Assimilator  
  70  12:13  Photon Cannon  
  70  12:18  Void Ray  
  74  12:33  Void Ray  
  74  12:34  Void Ray  
  84  12:47  Mothership Core (Chrono Boost)  
  84  12:53  Pylon  
  84  12:59  Void Ray  
  88  13:09  Probe (Chrono Boost)  
  88  13:11  Probe (Chrono Boost), Void Ray  
  94  13:20  Void Ray  
  94  13:21  Probe (Chrono Boost)  
  99  13:31  Probe (Chrono Boost)  
  99  13:34  Probe (Chrono Boost)  
  101  13:44  Void Ray  
  101  13:46  Probe (Chrono Boost)  
  106  13:58  Probe (Chrono Boost)  
  108  14:10  Probe (Chrono Boost)  
  108  14:22  Probe (Chrono Boost)  
  109  14:34  Probe (Chrono Boost)  
  107  14:46  Probe (Chrono Boost)  
  97  14:55  Void Ray  
  97  14:58  Void Ray  
  60  15:22  Photon Cannon  
  60  15:25  Photon Cannon  
  60  15:27  Photon Cannon  
  60  15:31  Photon Cannon  
  60  15:34  Photon Cannon  
  58  15:42  Pylon  
  44  15:58  Pylon  
  44  16:01  Pylon  
  44  16:04  Pylon  
  44  16:14  Pylon  
  44  16:20  Forge  
  44  16:28  Pylon  
Show
View Real Time Build Order
Export as new Build Order

Johnny Protoss 

Build Orders:  

Get SALT Encoding   

  12  0:01  Probe (Chrono Boost)  
  13  0:11  Probe (Chrono Boost)  
  14  0:23  Pylon  
  14  0:29  Probe (Chrono Boost)  
  14  0:31  Assimilator  
  15  0:41  Probe (Chrono Boost)  
  16  0:48  Gateway  
  16  0:54  Probe (Chrono Boost)  
  17  0:59  Pylon  
  17  1:12  Probe (Chrono Boost)  
  17  1:15  Assimilator  
  18  1:22  Probe (Chrono Boost)  
  19  1:37  Cybernetics Core  
  19  1:39  Pylon  
  19  1:43  Probe (Chrono Boost)  
  19  1:53  Probe (Chrono Boost)  
  20  2:06  Probe (Chrono Boost)  
  21  2:14  Robotics Facility  
  21  2:21  Robotics Facility  
  21  2:33  Pylon  
  21  2:36  Warp Gate  
  21  2:38  Probe (Chrono Boost)  
  22  2:48  Probe (Chrono Boost)  
  23  2:55  Adept  
  25  3:04  Immortal  
  33  3:20  Immortal  
  33  3:24  Probe (Chrono Boost)  
  34  3:34  Probe (Chrono Boost)  
  35  3:45  Mothership Core (Chrono Boost)  
  37  3:49  Immortal  
  41  4:16  Nexus  
  39  4:23  Pylon  
  39  4:26  Probe (Chrono Boost)  
  40  4:35  Pylon  
  40  4:37  Probe (Chrono Boost)  
  37  5:09  Forge  
  37  5:23  Immortal  
  41  5:38  Immortal  
  41  5:42  Probe (Chrono Boost)  
  46  5:46  Probe (Chrono Boost)  
  47  5:57  Photon Cannon  
  47  6:09  Observer  
  48  6:17  Observer  
  49  6:20  Pylon  
  49  6:23  Photon Cannon  
  49  6:27  Assimilator, Probe (Chrono Boost)  
  50  6:43  Photon Cannon  
  50  6:46  Assimilator  
  51  6:47  Probe (Chrono Boost)  
  51  6:48  Probe (Chrono Boost)  
  52  7:05  Immortal  
  56  7:12  Probe (Chrono Boost)  
  56  7:13  Probe (Chrono Boost)  
  56  7:15  Protoss Ground Weapons Level 1  
  55  7:23  Probe (Chrono Boost)  
  53  7:33  Immortal  
  53  7:35  Probe (Chrono Boost)  
  58  7:47  Probe (Chrono Boost)  
  60  7:51  Probe (Chrono Boost)  
  61  7:59  Probe (Chrono Boost)  
  61  8:14  Twilight Council  
  61  8:16  Pylon  
  61  8:19  Pylon  
  61  8:24  Gateway x2  
  63  8:41  Probe x2 (Chrono Boost)  
  63  8:43  Photon Cannon  
  63  8:53  Probe x2 (Chrono Boost)  
  65  9:04  Dark Shrine  
  65  9:05  Probe x2 (Chrono Boost)  
  39  10:00  Immortal x2  
  45  10:25  Mothership Core (Chrono Boost)  
  47  10:46  Pylon  
  47  11:03  Probe (Chrono Boost)  
  48  11:07  Immortal x2  
  48  11:15  Forge, Probe (Chrono Boost)  
  57  11:20  Probe (Chrono Boost)  
  58  11:27  Probe (Chrono Boost)  
  58  11:28  Forge  
  58  11:32  Probe (Chrono Boost)  
  60  11:39  Probe (Chrono Boost)  
  61  11:42  Templar Archives  
  61  11:44  Gateway  
  61  11:49  Gateway  
  61  12:20  High Templar x2  
  61  12:21  High Templar  
  68  12:31  Probe x2 (Chrono Boost)  
  69  12:41  High Templar  
  71  12:47  Photon Cannon  
  71  12:48  Photon Cannon  
  71  12:49  High Templar  
  71  12:50  Pylon  
  71  12:51  Archon  
  73  12:52  Archon  
  73  13:03  Probe x2 (Chrono Boost)  
  75  13:12  High Templar x3  
  81  13:14  High Templar  
  81  13:19  Pylon  
  83  13:22  Pylon  
  83  13:23  Pylon  
  83  13:28  Archon  
  83  13:29  Archon  
  83  13:30  High Templar  
  85  13:40  Protoss Ground Weapons Level 2  
  84  13:58  High Templar x3, Forge  
  84  13:59  High Templar  
  84  14:01  Archon  
  92  14:10  Protoss Shields Level 1  
  92  14:12  Pylon  
  92  14:32  High Templar x4  
  92  14:35  Archon x2  
  100  14:44  Nexus  
  100  14:45  Pylon  
  100  14:50  Archon x2  
  95  15:35  High Templar x2  
  93  15:36  High Templar x2  
  99  15:56  Archon x2  
  83  16:22  Nexus  
  82  16:26  Assimilator  
  82  16:35  Cybernetics Core  
  82  17:05  Pylon  
  81  17:43  Mothership Core (Chrono Boost), Assimilator  
  83  18:09  Stargate  
  83  18:10  Stargate  
  83  18:15  Probe (Chrono Boost)  
  83  18:16  Pylon  
  83  18:18  Pylon  
  84  18:21  Protoss Air Weapons Level 1  
  73  18:40  Stargate  
  65  18:41  Stargate  
  65  18:45  Assimilator  
  65  18:58  Void Ray  
  69  19:05  Pylon, Probe (Chrono Boost)  
  69  19:06  Pylon  
  70  19:15  Probe (Chrono Boost)  
  71  19:19  Void Ray  
  55  19:26  Probe (Chrono Boost)  
  55  19:30  Void Ray x2  
  57  19:38  Void Ray, Probe (Chrono Boost)  
  61  19:50  Probe (Chrono Boost)  
  62  20:01  Void Ray  
  66  20:13  Void Ray x2  
  74  20:21  Void Ray  
  78  20:39  Forge  
  78  20:42  Fleet Beacon  
  78  20:47  Pylon  
  78  21:10  Void Ray  
  38  22:24  Mothership Core (Chrono Boost)  
Tags
 
Add a new tag
Caveats
  • Supply blocks, unpowered buildings, or Contaminate may cause inaccurate times.
  • Supply counts are checked every 10 seconds.